 Dungeon Sprint DCSS version 0.26-a0-1101-g8f9f7f7418 (webtiles) character file.

Game seed: 10740581061555505118

12900000 Adamkad1 the Axe Maniac (level 27, -1/292 HPs)
             Began as a Palentonga Gladiator on Dec 15, 2020.
             Was the Champion of Makhleb.
             Killed from afar by an observer (72 damage)
             ... with a bolt of fire
             ... in the Dungeon (Sprint VIII: "Arena of Blood").
             The game lasted 00:05:37 (129 turns).

Adamkad1 the Axe Maniac (Palentonga Gladiator)       Turns: 129, Time: 00:05:38

Health: -1/292     AC: 17    Str: 19    XL:     27
Magic:  53/54      EV: 33    Int: 10    God:    Makhleb [******]
Gold:   0          SH:  0    Dex: 22    Spells: 80/80 levels left

rFire    . . .     SeeInvis +   k - +∞ Axe of Woe
rCold    . . .     Faith    .   (shield currently unavailable)
rNeg     . . .     Spirit   .   b - +0 leather armour
rPois    .         Reflect  .   c - +0 helmet
rElec    .         Harm     .   (no cloak)
rCorr    .         Rampage  .   (no gloves)
Will     ++...     NoTele   +   (no barding)
Stlth    ++++++++++             (no amulet)
HPRegen  0.58/turn              (no ring)
MPRegen  0.34/turn              (no ring)

@: lethally poisoned (-1 -> -25), slowed, curled up, very slow
A: large, rugged brown scales 3, see invisible, deformed body, roll 1, armoured
tail, reflexive curl
a: Rolling Charge, Minor Destruction, Lesser Servant of Makhleb, Major
Destruction, Greater Servant of Makhleb, Renounce Religion


You were in the Dungeon.
You worshipped Makhleb.
Makhleb was exalted by your worship.
You visited 1 branch

Inventory:

Hand Weapons
 a - a +0 war axe
 k - the +∞ Axe of Woe (weapon)
   (You found it in the Dungeon)
Missiles
 d - 3 throwing nets (quivered)
Armour
 b - a +0 leather armour (worn)
 c - a +0 helmet (worn)
Scrolls
 j - a scroll of blinking
Potions
 e - a potion of curing
 f - a potion of heal wounds
 g - a potion of haste
 h - 2 potions of magic
 i - a potion of berserk rage


   Skills:
 O Level 27 Fighting
 O Level 27 Short Blades
 O Level 27 Long Blades
 O Level 27 Axes
 O Level 27 Maces & Flails
 O Level 27 Polearms
 O Level 27 Staves
 O Level 27 Slings
 O Level 27 Bows
 O Level 27 Crossbows
 O Level 27 Throwing
 O Level 27 Armour
 O Level 27 Dodging
 O Level 27 Stealth
 O Level 27 Shields
 O Level 27 Unarmed Combat
 O Level 27 Spellcasting
 O Level 27 Conjurations
 O Level 27 Hexes
 O Level 27 Summonings
 O Level 27 Necromancy
 O Level 27 Translocations
 O Level 27 Transmutations
 O Level 27 Fire Magic
 O Level 27 Ice Magic
 O Level 27 Air Magic
 O Level 27 Earth Magic
 O Level 27 Poison Magic
 O Level 27 Invocations
 O Level 27 Evocations


You had 80 spell levels left.
You didn't know any spells.
Your spell library was empty.

Dungeon Overview and Level Annotations

Branches:
Dungeon (1/1)

Altars:
Makhleb

Annotations:
D The Captor


Innate Abilities, Weirdness & Mutations

You are completely covered in rugged brown scales. (AC +3, +7% HP)
You have supernaturally acute eyesight. (SInv)
Armour fits poorly on your strangely shaped body.
You can roll at nearby foes to attack.
You have a long armoured tail.
You curl defensively after being hit.


Message History

You hear a shout! x2
The tyrant casts a spell.
The scourge throws poison at you. The bolt of poison hits you!!
You are poisoned.
The dread calls on the powers of darkness!
The observer convulses!
The scourge convulses! x2; The fleshlord convulses!
The bag of meat convulses!
The meat berserker convulses!
Your body is wracked with pain!
The eight-headed meat hydra convulses!
The meat berserker convulses!
The accursed casts a spell at you. Something smites you!
The accursed casts a spell at you. Something smites you!
* * * LOW HITPOINT WARNING * * *
The observer gazes at you. Something smites you!
* * * LOW HITPOINT WARNING * * *
The observer gazes at you. The bolt of fire hits you!!!!
You die...

. ... .....####
.##.##.#####......####
.XX..p.............).###
.S.##.##...)G.)...))....
W.ML.....V.°)..)).)..)..
.GV.S#.#.)○....#))))...†
....X.X...V)☼)..####)......
....o.....O○.).)))..†))).).
..........@..p)))))..))#)))
.........).)o.)))).)...†)).
.....DO.....W.)O.....#)).
#.......#..G§o)....)..). ..
#..M.)..#..@.†).....##).
...###.pG....###..p))........
.....Wx.###.O...........###..
#....W)))_...................
......#.....#.......#.#......


You could see 2 accurseds, a tyrant, an eight-headed meat hydra, 3 destroyers, 4
observers, 2 scourges, 4 fleshlords, 4 large abominations, a wretched soul
(invisible), 3 dreads, The Captor, 4 meat berserkers, a small abomination and 3
bags of meat.

Vanquished Creatures
  7 hell knights (D)
  6 hell beasts (D)
  11 royal mummies (D)
  4 great orbs of eyes (D)
  3 wraiths (D)
  Harold (D)
  13 vampire knights (D)
  29 ogres (D)
  4 two-headed ogres (D)
  4 liches (D)
  8 hydras (D)
  54 orcs (D)
  3 phantoms (D)
  10 skeletal warriors (D)
  5 sea snakes (D)
  2 large abominations (D)
  8 small abominations (D)
  12 crawling corpses (D)
184 creatures vanquished.

Vanquished Creatures (others)
  4 crawling corpses (D)
4 creatures vanquished.

Grand Total: 188 creatures vanquished

Notes
Turn   | Place    | Note
-------+----------+-------------------------------------------
     0 | D        | Found the +∞ Axe of Woe
     0 | D        | Adamkad1 the Palentonga Gladiator began the quest for the
                  | Orb.
     0 | D        | Reached XP level 1. HP: 18/18 MP: 1/1
     1 | D        | Noticed a bag of meat
     2 | D        | Noticed a bag of meat
     3 | D        | Became a worshipper of Makhleb the Destroyer
     3 | D        | Noticed a bag of meat
     3 | D        | Noticed a bag of meat
     6 | D        | Noticed a bag of meat
     9 | D        | Noticed a bag of meat
     9 | D        | Noticed a bag of meat
    10 | D        | Killed a bag of meat
    11 | D        | Reached XP level 2. HP: 50/50 MP: 2/2
    11 | D        | Reached XP level 3. HP: 56/56 MP: 3/3
    11 | D        | Reached XP level 4. HP: 65/65 MP: 4/4
    11 | D        | Reached XP level 5. HP: 72/72 MP: 5/5
    11 | D        | Reached XP level 6. HP: 80/80 MP: 6/6
    11 | D        | Gained mutation: You curl defensively after being hit.
                  | [Palentonga growth]
    11 | D        | Reached XP level 7. HP: 87/87 MP: 7/7
    11 | D        | Reached XP level 8. HP: 96/96 MP: 8/8
    11 | D        | Reached XP level 9. HP: 102/102 MP: 9/9
    11 | D        | Reached XP level 10. HP: 111/111 MP: 10/10
    11 | D        | Reached XP level 11. HP: 118/118 MP: 11/11
    11 | D        | Noticed a meat berserker
    11 | D        | Killed a bag of meat
    11 | D        | Reached * piety under Makhleb
    11 | D        | Killed a bag of meat
    11 | D        | Killed a meat berserker
    11 | D        | Noticed a bag of meat
    12 | D        | Reached skill level 15 in Throwing
    12 | D        | Reached XP level 12. HP: 139/139 MP: 12/12
    12 | D        | Reached XP level 13. HP: 147/147 MP: 13/13
    12 | D        | Reached XP level 14. HP: 156/156 MP: 14/14
    12 | D        | Killed a bag of meat
    12 | D        | Reached ** piety under Makhleb
    12 | D        | Killed a bag of meat
    13 | D        | Reached XP level 15. HP: 167/167 MP: 15/15
    15 | D        | Noticed a meat berserker
    15 | D        | Reached *** piety under Makhleb
    16 | D        | Reached XP level 16. HP: 180/180 MP: 16/16
    17 | D        | Reached skill level 27 in Axes
    17 | D        | Noticed a large bag of meat
    17 | D        | Noticed a meat berserker
    17 | D        | Killed a meat berserker
    18 | D        | Reached XP level 17. HP: 197/197 MP: 17/17
    18 | D        | Noticed a meat berserker
    18 | D        | Killed a large bag of meat
    18 | D        | Reached **** piety under Makhleb
    19 | D        | Noticed a destroyer
    20 | D        | Reached skill level 27 in Fighting
    20 | D        | Reached XP level 18. HP: 134/214 MP: 18/18
    20 | D        | Killed a meat berserker
    20 | D        | Reached ***** piety under Makhleb
    20 | D        | Killed a meat berserker
    21 | D        | Reached skill level 27 in Throwing
    21 | D        | Reached skill level 27 in Dodging
    21 | D        | Reached skill level 5 in Polearms
    21 | D        | Reached skill level 5 in Armour
    21 | D        | Reached skill level 5 in Spellcasting
    21 | D        | Reached XP level 19. HP: 221/221 MP: 18/27
    22 | D        | Noticed a meat berserker
    23 | D        | Reached skill level 5 in Short Blades
    23 | D        | Reached skill level 5 in Long Blades
    23 | D        | Reached skill level 5 in Hexes
    23 | D        | Reached skill level 5 in Necromancy
    23 | D        | Reached skill level 5 in Translocations
    23 | D        | Reached skill level 5 in Transmutations
    23 | D        | Reached skill level 5 in Invocations
    23 | D        | Noticed a destroyer
    23 | D        | Killed a destroyer
    23 | D        | Noticed a meat berserker
    24 | D        | Reached skill level 5 in Bows
    24 | D        | Reached skill level 5 in Crossbows
    24 | D        | Reached skill level 5 in Shields
    24 | D        | Reached skill level 5 in Summonings
    24 | D        | Reached skill level 5 in Fire Magic
    24 | D        | Reached skill level 5 in Ice Magic
    24 | D        | Reached skill level 5 in Air Magic
    24 | D        | Reached skill level 5 in Poison Magic
    24 | D        | Reached XP level 20. HP: 231/231 MP: 18/32
    25 | D        | Reached skill level 10 in Maces & Flails
    25 | D        | Reached skill level 10 in Unarmed Combat
    26 | D        | Reached ****** piety under Makhleb
    27 | D        | Reached skill level 10 in Polearms
    27 | D        | Reached skill level 10 in Spellcasting
    28 | D        | Reached skill level 10 in Short Blades
    28 | D        | Reached skill level 10 in Long Blades
    28 | D        | Reached skill level 10 in Armour
    28 | D        | Reached skill level 10 in Hexes
    28 | D        | Reached skill level 10 in Necromancy
    28 | D        | Reached skill level 10 in Translocations
    28 | D        | Reached skill level 10 in Transmutations
    28 | D        | Reached XP level 21. HP: 239/239 MP: 19/36
    28 | D        | Noticed a large bag of meat
    29 | D        | Reached skill level 10 in Conjurations
    29 | D        | Reached skill level 10 in Earth Magic
    29 | D        | Reached skill level 10 in Evocations
    29 | D        | Noticed a destroyer
    30 | D        | Reached skill level 10 in Slings
    30 | D        | Reached skill level 10 in Bows
    30 | D        | Reached skill level 10 in Crossbows
    30 | D        | Reached skill level 10 in Stealth
    30 | D        | Reached skill level 10 in Shields
    30 | D        | Reached skill level 10 in Summonings
    30 | D        | Reached skill level 10 in Fire Magic
    30 | D        | Reached skill level 10 in Ice Magic
    30 | D        | Reached skill level 10 in Air Magic
    30 | D        | Reached skill level 10 in Poison Magic
    30 | D        | Killed a destroyer
    31 | D        | Reached XP level 22. HP: 249/249 MP: 19/39
    31 | D        | Noticed The Servant
    31 | D        | Noticed a destroyer
    31 | D        | Noticed a large bag of meat
    32 | D        | Noticed a destroyer
    32 | D        | Noticed a destroyer
    33 | D        | Reached skill level 15 in Maces & Flails
    33 | D        | Reached skill level 15 in Unarmed Combat
    33 | D        | Reached skill level 15 in Invocations
    33 | D        | Noticed a large bag of meat
    33 | D        | Noticed a destroyer
    34 | D        | Reached XP level 23. HP: 256/256 MP: 20/41
    36 | D        | Killed a destroyer
    36 | D        | Killed a large bag of meat
    37 | D        | Reached skill level 15 in Short Blades
    37 | D        | Reached skill level 15 in Long Blades
    37 | D        | Reached skill level 15 in Polearms
    37 | D        | Reached skill level 15 in Spellcasting
    37 | D        | Reached skill level 15 in Hexes
    37 | D        | Reached skill level 15 in Necromancy
    37 | D        | Reached skill level 15 in Translocations
    37 | D        | Reached skill level 15 in Transmutations
    37 | D        | Killed The Servant
    37 | D        | Noticed a destroyer
    38 | D        | Reached skill level 15 in Armour
    38 | D        | Reached skill level 15 in Conjurations
    38 | D        | Reached skill level 15 in Earth Magic
    38 | D        | Reached skill level 15 in Evocations
    38 | D        | Reached XP level 24. HP: 98/266 MP: 21/43
    38 | D        | Killed a destroyer
    38 | D        | Killed a destroyer
    39 | D        | Reached skill level 15 in Bows
    39 | D        | Reached skill level 15 in Crossbows
    39 | D        | Reached skill level 15 in Shields
    39 | D        | Reached skill level 15 in Summonings
    39 | D        | Reached skill level 15 in Fire Magic
    39 | D        | Reached skill level 15 in Ice Magic
    39 | D        | Reached skill level 15 in Air Magic
    39 | D        | Reached skill level 15 in Poison Magic
    39 | D        | Reached XP level 25. HP: 256/274 MP: 21/44
    40 | D        | Reached skill level 15 in Slings
    40 | D        | Reached skill level 15 in Stealth
    40 | D        | Noticed a destroyer
    40 | D        | Killed a destroyer
    40 | D        | Killed a large bag of meat
    40 | D        | Noticed a destroyer
    41 | D        | Reached XP level 26. HP: 241/284 MP: 22/45
    41 | D        | Killed a destroyer
    41 | D        | Killed a destroyer
    42 | D        | Killed a large bag of meat
    43 | D        | Reached XP level 27. HP: 245/292 MP: 22/47
    48 | D        | Noticed an accursed
    48 | D        | Killed an accursed
    48 | D        | Killed a destroyer
    48 | D        | Noticed an accursed
    50 | D        | Noticed a destroyer
    51 | D        | Noticed an accursed
    51 | D        | Killed a destroyer
    53 | D        | Noticed an accursed
    54 | D        | Killed an accursed
    55 | D        | Killed a destroyer
    56 | D        | Reached skill level 27 in Invocations
    57 | D        | Killed an accursed
    57 | D        | Killed an accursed
    57 | D        | Noticed an accursed
    58 | D        | Noticed an accursed
    59 | D        | Reached skill level 27 in Maces & Flails
    59 | D        | Reached skill level 27 in Unarmed Combat
    59 | D        | Killed an accursed
    60 | D        | Reached skill level 27 in Short Blades
    60 | D        | Reached skill level 27 in Long Blades
    60 | D        | Reached skill level 27 in Hexes
    60 | D        | Reached skill level 27 in Necromancy
    60 | D        | Reached skill level 27 in Translocations
    60 | D        | Reached skill level 27 in Transmutations
    60 | D        | Noticed a dread
    64 | D        | Killed an accursed
    65 | D        | Reached skill level 27 in Polearms
    65 | D        | Reached skill level 27 in Spellcasting
    65 | D        | Reached skill level 27 in Conjurations
    65 | D        | Reached skill level 27 in Earth Magic
    65 | D        | Reached skill level 27 in Evocations
    66 | D        | Killed a dread
    66 | D        | Noticed a meat beast
    66 | D        | Noticed a meat beast
    67 | D        | Noticed an accursed
    68 | D        | Reached skill level 27 in Armour
    68 | D        | Killed a meat beast
    69 | D        | Reached skill level 27 in Slings
    69 | D        | Reached skill level 27 in Bows
    69 | D        | Reached skill level 27 in Crossbows
    69 | D        | Reached skill level 27 in Stealth
    69 | D        | Reached skill level 27 in Shields
    69 | D        | Reached skill level 27 in Summonings
    69 | D        | Reached skill level 27 in Fire Magic
    69 | D        | Reached skill level 27 in Ice Magic
    69 | D        | Reached skill level 27 in Air Magic
    69 | D        | Reached skill level 27 in Poison Magic
    69 | D        | Reached skill level 27 in Staves
    69 | D        | Noticed a meat beast
    69 | D        | Noticed a meat beast
    69 | D        | Killed a meat beast
    70 | D        | Noticed a dread
    70 | D        | Killed a dread
    71 | D        | Killed a meat beast
    72 | D        | Killed a meat beast
    73 | D        | Noticed a meat beast
    75 | D        | Killed an accursed
    76 | D        | Killed a meat beast
    83 | D        | Noticed a tyrant
    83 | D        | Killed a tyrant
    85 | D        | Noticed an accursed
    87 | D        | Noticed an accursed
    87 | D        | Killed an accursed
    89 | D        | Killed an accursed
    91 | D        | Noticed a tyrant
    94 | D        | Noticed a tyrant
    94 | D        | Noticed a tyrant
    94 | D        | Noticed The Captor
    96 | D        | Noticed a meat beast
    99 | D        | Killed a meat beast
   100 | D        | Killed a tyrant
   101 | D        | Killed a tyrant
   103 | D        | Noticed a dread
   103 | D        | Noticed an accursed
   104 | D        | Noticed a destroyer
   105 | D        | Killed a dread
   105 | D        | Killed a tyrant
   105 | D        | Noticed a destroyer
   109 | D        | Killed a destroyer
   110 | D        | Killed a destroyer
   110 | D        | Noticed a fleshlord
   112 | D        | Noticed a fleshlord
   113 | D        | Noticed a fleshlord
   113 | D        | Killed an accursed
   113 | D        | Noticed an accursed
   113 | D        | Noticed a fleshlord
   114 | D        | Killed a fleshlord
   115 | D        | Killed a fleshlord
   116 | D        | Killed a fleshlord
   118 | D        | Noticed a fleshlord
   118 | D        | Noticed a fleshlord
   118 | D        | Killed a fleshlord
   120 | D        | Noticed a fleshlord
   120 | D        | Killed a fleshlord
   122 | D        | Killed a fleshlord
   124 | D        | Killed a fleshlord
   126 | D        | Noticed a fleshlord
   126 | D        | Killed an accursed
   126 | D        | Noticed a fleshlord
   126 | D        | Noticed a destroyer
   128 | D        | Noticed a destroyer
   128 | D        | Noticed a dread
   128 | D        | Noticed a tyrant
   128 | D        | Noticed an accursed
   129 | D        | Noticed a destroyer
   129 | D        | Noticed a fleshlord
   129 | D        | Noticed an accursed
   129 | D        | Noticed a dread
   129 | D        | Noticed a fleshlord
   129 | D        | Noticed a dread
   129 | D        | Killed from afar by an observer

Illustrated notes

Levels and vault maps discovered:
D:        meatsprint

Skill      XL: |  1  2  3  4  5  6  7  8  9 10 11 12 13 14 15 16 17 18 19 20 21 22 23 24 25 26 27 |
---------------+----------------------------------------------------------------------------------+-----
Fighting       | 14 19 20 22 25 27 | 27.0
Axes           | 14 22 25 26 27 | 27.0
Throwing       | 11 15 16 17 20 23 27 | 27.0
Dodging        | 12 16 18 19 21 24 27 | 27.0
Maces & Flails | 6 9 11 14 15 17 18 20 21 27 | 27.0
Polearms       | 5 8 11 13 14 16 17 18 20 27 | 27.0
Slings         | 4 7 9 11 12 13 14 16 17 27 | 27.0
Armour         | 5 8 10 12 13 15 17 18 27 | 27.0
Stealth        | 4 7 9 11 12 13 14 16 17 27 | 27.0
Unarmed Combat | 6 9 11 14 15 17 18 20 21 27 | 27.0
Spellcasting   | 5 8 11 13 14 16 17 18 20 27 | 27.0
Short Blades   | 7 10 12 14 16 17 19 20 27 | 27.0
Long Blades    | 7 10 12 14 16 17 19 20 27 | 27.0
Bows           | 5 8 11 12 14 15 17 18 27 | 27.0
Crossbows      | 5 8 11 12 14 15 17 18 27 | 27.0
Shields        | 5 8 11 12 14 15 17 18 27 | 27.0
Conjurations   | 6 9 11 13 15 16 18 19 27 | 27.0
Hexes          | 7 10 12 14 16 17 19 20 27 | 27.0
Summonings     | 5 8 11 12 14 15 17 18 27 | 27.0
Necromancy     | 7 10 12 14 16 17 19 20 27 | 27.0
Translocations | 7 10 12 14 16 17 19 20 27 | 27.0
Transmutations | 7 10 12 14 16 17 19 20 27 | 27.0
Fire Magic     | 5 8 11 12 14 15 17 18 27 | 27.0
Ice Magic      | 5 8 11 12 14 15 17 18 27 | 27.0
Air Magic      | 5 8 11 12 14 15 17 18 27 | 27.0
Earth Magic    | 6 9 11 13 15 16 18 19 27 | 27.0
Poison Magic   | 5 8 11 12 14 15 17 18 27 | 27.0
Invocations    | 7 11 13 15 17 18 21 22 27 | 27.0
Evocations     | 6 9 11 13 15 16 18 19 27 | 27.0
Staves         | 27 | 27.0

Action                   |  1- 3 |  4- 6 |  7- 9 | 10-12 | 13-15 | 16-18 | 19-21 | 22-24 | 25-27 || total
-------------------------+-------+-------+-------+-------+-------+-------+-------+-------+-------++-------
Melee: Executioner's axe |     1 |       |       |     1 |     3 |     5 |     9 |     8 |    82 ||   109
 Abil: Rolling Charge    |       |       |       |       |       |     4 |     1 |     6 |    47 ||    58
Armor: Leather armour    |       |       |       |       |       |       |       |       |     2 ||     2
Dodge: Dodged            |       |       |       |       |       |       |       |       |    12 ||    12

Table legend: (Time is in decaauts)
 A = Elapsed time spent in this place.
 B = Non-inter-level travel time spent in this place.
 C = Inter-level travel time spent in this place.
 D = Time resting spent in this place.
 E = Time spent auto-exploring this place.
 F = Levels seen in this place.
 G = Mean time per level.
                   A        B        C        D        E       F      G
               +--------+--------+--------+--------+--------+-----+--------+
         Total |    130 |    130 |      0 |      0 |      0 |   1 |  130.0 |
       Dungeon |    130 |    130 |      0 |      0 |      0 |   1 |  130.0 |
               +--------+--------+--------+--------+--------+-----+--------+

Top non-repeatable levels by time:
       D: 130 daAuts
